 Dungeon Sprint DCSS version 0.27-a0-1513-g2aaa0cc67b (webtiles) character file.

Game seed: 2134904586159556647

18860 mhtbhm the Executioner (level 12, -40/116 (125) HPs)
             Began as a Minotaur Monk on July 9, 2021.
             Was the Champion of Qazlal.
             Killed from afar by an ancient lich (98 damage)
             ... with a crystal spear
             ... in the Dungeon (Sprint VII: "The Pits").
             The game lasted 00:05:52 (2685 turns).

mhtbhm the Executioner (Minotaur Monk)              Turns: 2685, Time: 00:05:52

HP:   -40/116 (125) AC: 14    Str: 25    XL:     12   Next: 31%
MP:   11/17         EV: 18    Int:  7    God:    Qazlal [******]
Gold: 23            SH:  8    Dex: 12    Spells: 11/11 levels left

rFire    . . .     SeeInvis .   a - +1 broad axe (freeze)
rCold    . . .     Faith    .   (no shield)
rNeg     . . .     Spirit   .   b - +4 scale mail
rPois    .         Reflect  .   (helmet restricted)
rElec    .         Harm     .   (no cloak)
rCorr    .         Rampage  .   q - +0 pair of gloves
Will     .....     NoTele   +   (no boots)
Stlth    ..........             x - amulet of regeneration
HPRegen  1.29/turn              l - +3 ring of evasion
MPRegen  0.15/turn              o - +3 ring of strength

@: drained, repel missiles
A: horns 2, retaliatory headbutt
a: Renounce Religion, Upheaval, Elemental Force, Disaster Area


You were in the Dungeon.
You worshipped Qazlal.
Qazlal was exalted by your worship.
You visited 1 branch You collected 23 gold pieces.

Inventory:

Hand Weapons
 a - a +1 broad axe of freezing (weapon)
Missiles
 h - 4 curare-tipped darts (quivered)
 B - 6 javelins
Armour
 b - a +4 scale mail (worn)
 q - a +0 pair of gloves (worn)
Jewellery
 l - a +3 ring of evasion (left hand)
 o - a +3 ring of strength (right hand)
 x - an amulet of regeneration (around neck)
 z - a ring of ice
 A - an amulet of the acrobat
Scrolls
 j - 5 scrolls of amnesia
 k - 6 scrolls of enchant armour
 r - a scroll of fear
 s - 2 scrolls of identify
 t - a scroll of blinking
 u - a scroll of fog
 y - a scroll of enchant weapon
Potions
 c - 6 potions of curing
 d - a potion of heal wounds
 e - 3 potions of haste
 f - 4 potions of magic
 g - a potion of berserk rage
 i - 2 potions of invisibility
 m - 5 potions of brilliance
 n - 4 potions of might
 p - 3 potions of mutation
 w - a potion of cancellation
Miscellaneous
 v - a box of beasts


   Skills:
 + Level 17.2 Fighting
 + Level 21.2 Axes
 + Level 11.9 Armour
 + Level 13.7 Dodging
 - Level 1.8 Stealth
 + Level 12.5 Shields
 * Level 9.0 Invocations


You had 11 spell levels left.
You didn't know any spells.
Your spell library contained the following spells:

 Spells                   Type           Power      Damage    Failure   Level
 Ozocubu's Armour         Ice            0%         N/A       95%         3
 Metabolic Englaciation   Hex/Ice        0%         N/A       100%        5
 Simulacrum               Ice/Necr       0%         N/A       100%        6


Dungeon Overview and Level Annotations

Branches:
Dungeon (1/1)

Altars:
Ashenzari
Cheibriados
Dithmenos
Elyvilon
Fedhas
Gozag
Hepliaklqana
Kikubaaqudgha
Makhleb
Nemelex Xobeh
Okawaru
Qazlal
Ru
Sif Muna
Trog
Uskayaw
Vehumet
Wu Jian
Xom
Yredelemnul
Zin
The Shining One
Beogh
Jiyva
Lugonu


Innate Abilities, Weirdness & Mutations

You have a pair of horns on your head.
You reflexively headbutt those who attack you in melee.


Message History

You slice something!! You freeze something. Something touches you.
You completely miss something. Your headbutt misses something.
You hit something. Something touches you.
You barely miss something. You headbutt something.
You hear some strange, mumbled words.
A bolt of acid appears from out of thin air!
The bolt of acid misses you. Nature churns violently around you!
The cutting wind hits something!
Something touches you but does no damage.
Unknown command.
Unknown command.
Unknown command.
Unknown command.
Unknown command.
You hit something but do no damage.
You hear some strange, mumbled words.
You slash something! You headbutt something.
You hear some strange, mumbled words.
A crystal spear appears from out of thin air!
The crystal spear is repelled.
You closely miss something. Your headbutt misses something.
Something touches you.
You closely miss something.
You hear some strange, mumbled words.
A bolt of acid appears from out of thin air!
The bolt of acid misses you.
Unknown command.
You closely miss something. You headbutt something. Something touches you!
You slash something! Something touches you!
You feel drained.
You closely miss something. Your headbutt misses something.
You hear some strange, mumbled words.
A crystal spear appears from out of thin air!
The crystal spear misses you.
You slice something!!
You hear some strange, mumbled words.
A crystal spear appears from out of thin air!
The crystal spear hits you!!!!
Ouch! That really hurt!
You die...

#+# #.# #{#
################@#
.................#
...÷............☼#
+##############..#
#..# #÷.# #..#
#..# #..#


There were no monsters in sight!

Vanquished Creatures
  A nagaraja (D)
  A minotaur (D)
  Josephine (D)
  A rakshasa (D)
  A spriggan air mage (D)
  Erica (D)
  2 death yaks (D)
  4 hell hogs (D)
  A deep elf knight (D)
  Sonja (D)
  A flayed ghost (D)
  2 lindwurms (D)
  A guardian serpent (D)
  A gargoyle (D)
  An orange demon (D)
  An efreet (D)
  A yaktaur (D)
  2 kobold demonologists (D)
  A demonic crawler (D)
  A guardian mummy (D)
  A troll (D)
  3 hornets (D)
  Prince Ribbit (D)
  5 dream sheep (D)
  A snapping turtle (D)
  6 wraiths (D)
  2 wyverns (D)
  2 ynoxinuls (D)
  A water elemental (D)
  2 steam dragons (D)
  A water moccasin (D)
  A sky beast (D)
  2 floating eyes (D)
  A swamp drake (D)
  An orc warrior (D)
  A necrophage (D)
  A centaur (D)
  A phantom (D)
  A kobold brigand (D)
  A bullfrog (D)
  11 wights (D)
  A quasit (D)
  3 hounds (D)
  An iron imp (D)
  2 orc wizards (D)
  A hell rat (D)
  3 river rats (D)
  7 orcs (D)
  A ball python (D)
  2 bat skeletons (D)
  2 endoplasms (D)
  2 hobgoblins (D)
  3 jackals (D)
  A ball python skeleton (D)
  A frilled lizard (D)
  A goblin (D)
  2 rats (D)
105 creatures vanquished.

Vanquished Creatures (collateral kills)
  An alligator snapping turtle (D)
1 creature vanquished.

Vanquished Creatures (others)
  A quokka (D)
1 creature vanquished.

Grand Total: 107 creatures vanquished

Notes
Turn   | Place    | Note
-------+----------+-------------------------------------------
     0 | D        | mhtbhm the Minotaur Monk began the quest for the Orb.
     0 | D        | Reached XP level 1. HP: 19/19 MP: 0/0
    16 | D        | Reached skill level 4 in Axes
    16 | D        | Reached XP level 2. HP: 28/28 MP: 1/1
    19 | D        | Found a bloodstained altar of Trog.
    19 | D        | Found a shimmering blue altar of Sif Muna.
    19 | D        | Found a viscous altar of Jiyva.
    19 | D        | Found a hazy altar of Hepliaklqana.
    19 | D        | Found an opulent altar of Gozag.
    20 | D        | Found a glowing golden altar of the Shining One.
    20 | D        | Found a glowing silver altar of Zin.
    20 | D        | Found a basalt altar of Yredelemnul.
    20 | D        | Found a shimmering altar of Xom.
    20 | D        | Found an ornate altar of the Wu Jian Council.
    20 | D        | Found a sacrificial altar of Ru.
    20 | D        | Found a stormy altar of Qazlal.
    20 | D        | Found an iron altar of Okawaru.
    20 | D        | Found a sparkling altar of Nemelex Xobeh.
    20 | D        | Found a burning altar of Makhleb.
    20 | D        | Found a blossoming altar of Fedhas.
    20 | D        | Found a white marble altar of Elyvilon.
    20 | D        | Found a shadowy altar of Dithmenos.
    20 | D        | Found a snail-covered altar of Cheibriados.
    23 | D        | Found a corrupted altar of Lugonu.
    23 | D        | Found a radiant altar of Vehumet.
    24 | D        | Found an ancient bone altar of Kikubaaqudgha.
    24 | D        | Found a hide-covered altar of Uskayaw.
    24 | D        | Found a broken altar of Ashenzari.
    53 | D        | Became a worshipper of Qazlal Stormbringer
    53 | D        | Reached * piety under Qazlal
    53 | D        | Reached ** piety under Qazlal
   136 | D        | Noticed a floating eye
   139 | D        | Killed a floating eye
   139 | D        | Reached *** piety under Qazlal
   140 | D        | Reached skill level 7 in Axes
   140 | D        | Reached XP level 3. HP: 39/39 MP: 2/2
   140 | D        | Reached XP level 4. HP: 47/47 MP: 3/3
   151 | D        | Reached **** piety under Qazlal
   220 | D        | Reached skill level 8 in Axes
   220 | D        | Reached XP level 5. HP: 53/53 MP: 4/4
   222 | D        | Reached ***** piety under Qazlal
   223 | D        | Reached skill level 9 in Axes
   224 | D        | Noticed a water moccasin
   234 | D        | Reached skill level 1 in Armour
   234 | D        | Reached skill level 1 in Shields
   234 | D        | Killed a water moccasin
   235 | D        | Reached skill level 10 in Axes
   235 | D        | Reached XP level 6. HP: 26/64 MP: 5/5
   236 | D        | Noticed a sky beast
   251 | D        | Killed a sky beast
   252 | D        | Reached skill level 10 in Fighting
   252 | D        | Reached skill level 11 in Axes
   485 | D        | Reached XP level 7. HP: 72/72 MP: 6/6
   487 | D        | Noticed Prince Ribbit
   489 | D        | Paralysed by a floating eye for 2 turns
   497 | D        | Reached ****** piety under Qazlal
   498 | D        | Reached skill level 12 in Axes
   529 | D        | Killed Prince Ribbit
   530 | D        | Reached skill level 5 in Armour
   530 | D        | Reached skill level 10 in Dodging
   542 | D        | Noticed a guardian mummy
   550 | D        | Reached XP level 8. HP: 82/82 MP: 7/7
   569 | D        | Killed a guardian mummy
   570 | D        | Reached skill level 13 in Axes
   778 | D        | Noticed a demonic crawler
   778 | D        | Noticed a flayed ghost
   786 | D        | Killed a demonic crawler
   789 | D        | Killed a flayed ghost
   790 | D        | Reached skill level 14 in Axes
   790 | D        | Reached skill level 5 in Shields
   790 | D        | Reached XP level 9. HP: 83/90 MP: 8/8
   807 | D        | Noticed a lindwurm
   813 | D        | Reached skill level 15 in Axes
   817 | D        | Reached skill level 16 in Axes
   819 | D        | Killed a lindwurm
   820 | D        | Reached skill level 10 in Armour
   827 | D        | Reached XP level 10. HP: 54/100 MP: 9/9
  1008 | D        | Noticed a gargoyle
  1010 | D        | Noticed a soul eater
  1011 | D        | Noticed an orange demon
  1015 | D        | Killed a gargoyle
  1016 | D        | Reached skill level 17 in Axes
  1029 | D        | Killed an orange demon
  1173 | D        | Noticed a nagaraja
  1173 | D        | Noticed a death yak
  1173 | D        | Noticed an alligator snapping turtle
  1182 | D        | Killed a nagaraja
  1183 | D        | Reached skill level 18 in Axes
  1204 | D        | Killed an alligator snapping turtle
  1205 | D        | Reached skill level 1 in Invocations
  1214 | D        | Killed a death yak
  1215 | D        | Reached skill level 19 in Axes
  1692 | D        | Noticed Erica
  1693 | D        | Noticed Sonja
  1699 | D        | Reached XP level 11. HP: 111/111 MP: 4/12
  1711 | D        | Reached skill level 10 in Shields
  1723 | D        | Killed Erica
  1730 | D        | Killed Sonja
  1731 | D        | Reached skill level 15 in Fighting
  1731 | D        | Reached skill level 5 in Invocations
  2091 | D        | Noticed Josephine
  2096 | D        | Noticed a deep elf knight
  2098 | D        | Killed Josephine
  2099 | D        | Reached skill level 20 in Axes
  2106 | D        | Killed a deep elf knight
  2215 | D        | Noticed a rakshasa
  2225 | D        | Killed a rakshasa
  2267 | D        | Noticed a lindwurm
  2267 | D        | Noticed a death yak
  2271 | D        | Killed a lindwurm
  2279 | D        | Killed a death yak
  2382 | D        | Noticed a hell hog
  2382 | D        | Noticed a hell hog
  2382 | D        | Noticed a hell hog
  2382 | D        | Noticed a hell hog
  2382 | D        | Noticed a spriggan air mage
  2382 | D        | Noticed a minotaur
  2383 | D        | Identified the +0 halberd of Maoliehu {flame, rElec Will+
                  | Dex+3}
  2383 | D        | Killed a hell hog
  2383 | D        | Killed a spriggan air mage
  2384 | D        | Reached XP level 12. HP: 118/124 MP: 8/16
  2387 | D        | Killed a hell hog
  2388 | D        | Reached skill level 21 in Axes
  2392 | D        | Killed a hell hog
  2402 | D        | Killed a hell hog
  2403 | D        | Killed a minotaur
  2660 | D        | Noticed an ancient lich
  2685 | D        | Killed from afar by an ancient lich

Illustrated notes

Levels and vault maps discovered:
D:        pitsprint [storerooms_1, entrance_room_1, metal_vault_4, armoury_3,
          mini_pit_1, grid_room_1, main_hall_1, silver_pit, the_coven_1,
          the_vestibule_1, steel_vault_4, golden_pit, hallway_of_sentries,
          crystal_vault_2, iron_vault_2, final_vault]

Skill      XL: |  1  2  3  4  5  6  7  8  9 10 11 12 |
---------------+-------------------------------------+-----
Fighting       | 4 7 8 9 10 11 12 14 16 17 | 17.2
Axes           | 4 7 8 10 11 12 14 16 19 20 21 | 21.2
Dodging        | 4 6 7 8 9 10 11 12 13 | 13.7
Armour         | 2 3 5 7 10 11 | 11.9
Shields        | 1 2 3 5 7 9 11 12 | 12.5
Invocations    | 3 7 9 |  9.0
Stealth        | |  1.8

Action                   |  1- 3 |  4- 6 |  7- 9 | 10-12 || total
-------------------------+-------+-------+-------+-------++-------
Melee: Hand axe          |    12 |    41 |    52 |       ||   105
       Headbutt          |     5 |    11 |    14 |    35 ||    65
       Broad axe         |       |       |    23 |   147 ||   170
Invok: Disaster Area     |       |       |       |     4 ||     4
  Use: Potion            |       |     2 |       |    13 ||    15
       Scroll            |       |       |       |     2 ||     2
 Stab: Sleeping          |     1 |       |       |       ||     1
Armor: Robe              |     1 |     1 |       |       ||     2
       Chain mail        |       |    16 |    12 |       ||    28
       Scale mail        |       |       |     7 |    61 ||    68
Dodge: Dodged            |     3 |    16 |    40 |   110 ||   169
       Repelled          |       |       |       |     6 ||     6
Block: Other             |     1 |     9 |    23 |    64 ||    97

Table legend: (Time is in decaauts)
 A = Elapsed time spent in this place.
 B = Non-inter-level travel time spent in this place.
 C = Inter-level travel time spent in this place.
 D = Time resting spent in this place.
 E = Time spent auto-exploring this place.
 F = Levels seen in this place.
 G = Mean time per level.
                   A        B        C        D        E       F      G
               +--------+--------+--------+--------+--------+-----+--------+
         Total |   2644 |   2599 |     45 |   1575 |     24 |   1 | 2644.0 |
       Dungeon |   2644 |   2599 |     45 |   1575 |     24 |   1 | 2644.0 |
               +--------+--------+--------+--------+--------+-----+--------+

Top non-repeatable levels by time:
       D: 2644 daAuts
